 Dungeon Crawl Stone Soup version 0.29.1-15-g9cfb28693d (webtiles) character file.

Game seed: 8515193871240632457

1685 kingofthe the Conjurer (level 8, -1/41 HPs)
             Began as a Deep Elf Conjurer on Mar 5, 2023.
             Killed from afar by Pikel (21 damage)
             ... with a bolt of dispelling energy
             ... on level 5 of the Dungeon.
             The game lasted 00:21:03 (6116 turns).

kingofthe the Conjurer (Deep Elf Conjurer)          Turns: 6116, Time: 00:21:04

Health: -1/41      AC:  6    Str:  4    XL:     8   Next: 71%
Magic:  19/20      EV: 16    Int: 24    God:
Gold:   244        SH:  0    Dex: 19    Spells: 9/20 levels left

rFire   . . .      SeeInvis .   z - +1 rapier (elec)
rCold   . . .      Faith    .   (no shield)
rNeg    . . .      Spirit   .   p - +1 robe of the Pit {Dex+4}
rPois   .          Reflect  .   (no helmet)
rElec   .          Harm     .   h - +0 cloak
rCorr   .          Rampage  .   o - +1 pair of gloves
Will    .....                   (no boots)
Stlth   +++.......              l - amulet of magic regeneration
HPRegen 0.13/turn               (no ring)
MPRegen 0.57/turn               (no ring)

@: studying Stealth
A: no striking features
a: no special abilities


You were on level 5 of the Dungeon.
You visited 1 branch of the dungeon, and saw 5 of its levels.
You also visited: Ossuary.

You collected 244 gold pieces.


   Skills:
 * Level 6.9 Dodging
 + Level 6.0 Stealth
 + Level 6.8 Spellcasting
 * Level 7.4 Conjurations
 * Level 4.8 Hexes
 * Level 3.5 Fire Magic


You had 9 spell levels left.
You knew the following spells:

 Your Spells              Type           Power      Damage    Failure   Level
a - Magic Dart            Conj           100%       1d8       1%          1
b - Searing Ray           Conj           88%        2d7       1%          2
c - Fulminant Prism       Conj/Hex       18%        3d11      6%          4
d - Foxfire               Conj/Fire      100%       2x1d9     1%          1
e - Conjure Flame         Conj/Fire      34%        6-21      2%          3

Your spell library contained the following spells:

 Spells                   Type           Power      Damage    Failure   Level
 Dazzling Flash           Conj/Hex       74%        N/A       1%          3
 Inner Flame              Hex/Fire       28%        N/A       4%          3
 Flame Wave               Conj/Fire      34%        2d10      8%          4
 Cause Fear               Hex            15%        N/A       10%         4
 Iskenderun's Mystic Bla  Conj/Tloc      26%        2d7       16%         4
 Lightning Bolt           Conj/Air       13%        1d26      41%         5
 Airstrike                Air            4%         2d(1-17)  58%         4
 Summon Lightning Spire   Summ/Air       8%         N/A       58%         4
 Discord                  Hex            15%        N/A       100%        8

Inventory:

Hand Weapons
 d - a +1 mace of holy wrath
 z - a +1 rapier of electrocution (weapon)
 B - a +2 dagger of draining
Missiles
 v - a throwing net {=f}
Armour
 h - a +0 cloak (worn)
 i - a +0 buckler
 o - a +1 pair of gloves (worn)
 p - the +1 robe of the Pit (worn) {Dex+4}
   (You found it on level 3 of the Dungeon)

   Dex:       It affects your dexterity (+4).
 s - a +0 robe of cold resistance
Jewellery
 l - an amulet of magic regeneration (around neck)
 C - a ring of ice
Wands
 D - a wand of polymorph (8)
Scrolls
 e - 3 scrolls of immolation
 j - 5 scrolls of noise
 k - a scroll of fog {unknown}
 m - 2 scrolls of silence {!r}
 q - 2 scrolls of enchant armour {unknown}
 u - a scroll of poison {unknown}
 w - 2 scrolls of enchant weapon
 y - a scroll of fear {unknown}
 A - a scroll of blinking {unknown}
 E - a scroll of identify {@r1}
Potions
 a - 4 potions of flight
 b - a potion of might {unknown}
 c - a potion of heal wounds {unknown}
 f - 2 potions of cancellation
 g - 2 potions of curing {@q1}
 r - 2 potions of attraction
 t - a potion of haste {@q3}
 x - 2 potions of brilliance {unknown}
Miscellaneous
 n - a piece from Xom's chessboard (15/15)

Dungeon Overview and Level Annotations

Branches:
Dungeon (5/15)            Ossuary (visited)
 Temple: D:4-7

Altars:
Qazlal
Vehumet
Xom

Shops:
D:3 [

Annotations:
D:5 Pikel

[..'....#.#.#....)....########...
...####.#.#.####.................
...............)..............>..
...####.#.#<.....##.....)#####...
...# #.#......#.##......# #...
...####....(...#.##......# #.##
...............#.##......# #.#
....####.......#.######### #.#
))..# #........@§§.# #.#
#.#.####......)##.#§#### #.#
#.#....###.......§§.§..#######.##
#.####.# #........§§.§.'..#......
..# #.# #.............#.##.##.##
.## #.# #...........K.#.##.#....
.# #.# #.............#.##.#...#
.# #.# #############...##.##..#
.# #.################..........


You could see Pikel.


Message History

Your foxfire dissipates!
Pikel, Merchant of Souls comes into view.
He is wielding a +2 whip of freezing and carrying a wand of quicksilver (12).
Casting: Magic Dart (safe; 1% risk of failure)
Confirm with . or Enter, or press ? or * to list all spells.
You conjure some foxfire!
Casting: Foxfire (safe; 1% risk of failure)
Confirm with . or Enter, or press ? or * to list all spells.
You conjure some foxfire!
The foxfire hits Pikel but does no damage.
Casting: Foxfire (safe; 1% risk of failure)
Confirm with . or Enter, or press ? or * to list all spells.
You conjure some foxfire!
The foxfire hits Pikel.
Pikel is lightly wounded.
Pikel zaps a wand.
The bolt of dispelling energy hits your foxfire!!
The bolt of dispelling energy hits you!!
Ouch! That really hurt!
* * * LOW HITPOINT WARNING * * *
The bolt of dispelling energy hits your foxfire!!
The foxfire hits Pikel.
Pikel is moderately wounded.
Your foxfire dissipates!
The foxfire hits Pikel but does no damage.
Pikel is moderately wounded.
The foxfire hits Pikel.
Pikel is moderately wounded.
Pikel zaps a wand.
The bolt of dispelling energy hits you!!
Ouch! That really hurt!
You die...

Skill      XL: |  1  2  3  4  5  6  7  8 |
---------------+-------------------------+-----
Dodging        | 3 4 5 6 |  6.9
Stealth        | 3 4 6 |  6.0
Spellcasting   | 4 5 6 |  6.8
Conjurations   | 5 6 7 |  7.4
Hexes          | 3 4 |  4.8
Fire Magic     | 2 3 |  3.5

Action                   |  1- 3 |  4- 6 |  7- 9 || total
-------------------------+-------+-------+-------++-------
 Cast: Magic Dart        |    53 |   108 |    29 ||   190
       Searing Ray       |     3 |    24 |    11 ||    38
       Foxfire           |       |       |   145 ||   145
       Fulminant Prism   |       |       |     2 ||     2
       Conjure Flame     |       |       |     1 ||     1
Evoke: Piece from Xom's  |       |     1 |       ||     1
  Use: Scroll            |       |       |    12 ||    12
       Potion            |       |       |     1 ||     1
Armor: Robe              |     4 |     2 |    12 ||    18
Dodge: Dodged            |     2 |    10 |    34 ||    46

Levels and vault maps discovered:
D:1:      saegor_arrival_miasma, layout_loops_ring, bh_walls_and_bars
D:2:      layout_basic, hangedman_decor_clover_reticule,
          kennysheep_generic_room_15
D:3:      lemuel_castle_with_subvaults [lemuel_castle_interior_carwin_3],
          layout_rooms, xom_butterflies, lemuel_doored_altar, serial_shops,
          nicolae_lakefront_shop, nicolae_ecumenical_snake_handling
D:4:      layout_loops_corners, mainiacjoe_overflow_boulevard,
          nicolae_ossuary_entry_plus, grunt_ministairs_8, uniq_natasha
D:5:      layout_basic, uniq_blork_the_orc, uniq_pikel, uniq_menkaure

Notes
Turn   | Place    | Note
-------+----------+-------------------------------------------
     0 | D:1      | kingofthe the Deep Elf Conjurer began the quest for the
                  | Orb.
     0 | D:1      | Reached XP level 1. HP: 10/10 MP: 6/6
   295 | D:1      | Reached XP level 2. HP: 15/15 MP: 6/8
   340 | D:1      | Learned a level 2 spell: Searing Ray
  1970 | D:2      | Reached skill level 3 in Dodging
  2035 | D:2      | Reached XP level 3. HP: 19/19 MP: 7/10
  2214 | D:2      | Reached skill level 3 in Stealth
  2738 | D:2      | Reached skill level 4 in Spellcasting
  2738 | D:2      | Reached skill level 5 in Conjurations
  2738 | D:2      | Reached XP level 4. HP: 24/24 MP: 9/12
  2789 | D:3      | Found Yfe Fit's Antique Armour Shop.
  2828 | D:3      | Found a shimmering altar of Xom.
  2942 | D:3      | Identified the +1 robe of the Pit {Dex+4}
  3014 | D:3      | Reached XP level 5. HP: 28/28 MP: 6/13
  3043 | D:3      | Reached skill level 4 in Dodging
  3081 | D:3      | Reached skill level 5 in Spellcasting
  3081 | D:3      | Reached XP level 6. HP: 32/32 MP: 11/15
  3222 | D:3      | Reached skill level 4 in Stealth
  3231 | D:3      | Found a faded altar of an unknown god.
  3300 | D:3      | Found a radiant altar of Vehumet.
  3555 | D:3      | Reached skill level 5 in Dodging
  3577 | D:3      | Reached skill level 6 in Conjurations
  3709 | D:3      | Learned a level 4 spell: Fulminant Prism
  3808 | D:3      | Reached XP level 7. HP: 36/36 MP: 13/17
  3810 | D:3      | Reached skill level 1 in Hexes
  4023 | D:4      | Noticed Natasha
  4027 | D:4      | Killed Natasha
  4117 | D:4      | Noticed Natasha
  4119 | D:4      | Killed Natasha
  4142 | D:4      | Reached skill level 6 in Spellcasting
  4142 | D:4      | Reached skill level 2 in Hexes
  4414 | D:4      | Found a sand-covered staircase.
  4421 | D:4      | Learned a level 1 spell: Foxfire
  4422 | Ossuary  | Entered an ossuary
  4602 | Ossuary  | Reached skill level 1 in Fire Magic
  4806 | D:4      | Found a stormy altar of Qazlal.
  4814 | D:4      | Reached skill level 6 in Dodging
  4814 | D:4      | Reached skill level 3 in Hexes
  5038 | D:4      | Noticed Natasha
  5040 | D:4      | Killed Natasha
  5404 | D:5      | Entered Level 5 of the Dungeon
  5469 | D:5      | Noticed a steam dragon
  5573 | D:5      | Noticed Blork the orc
  5583 | D:5      | Reached skill level 2 in Fire Magic
  5583 | D:5      | Reached XP level 8. HP: 41/41 MP: 16/19
  5584 | D:5      | Killed Blork the orc
  5585 | D:5      | Reached skill level 5 in Stealth
  5647 | D:5      | Reached skill level 7 in Conjurations
  5875 | D:5      | Reached skill level 4 in Hexes
  5892 | D:5      | Learned a level 3 spell: Conjure Flame
  5905 | D:5      | Noticed Menkaure
  5914 | D:5      | Reached skill level 3 in Fire Magic
  5955 | D:5      | Killed Menkaure
  6060 | D:5      | Reached skill level 6 in Stealth
  6112 | D:5      | Noticed Pikel
  6116 | D:5      | Killed from afar by Pikel

Vanquished Creatures
  A steam dragon (D:5)
  Menkaure (D:5)
  An orc warrior (D:5)
  2 ogres
  Blork the orc (D:5)
  A scorpion (D:4)
  2 howler monkeys (D:3)
  A centaur zombie (Ossuary)
  5 hounds
  A jelly (D:5)
  2 orc priests (D:5)
  2 human zombies (Ossuary)
  Natasha (thrice) (D:4)
  2 gnoll boudas (D:3)
  3 orc wizards
  2 mummies (Ossuary)
  18 gnolls (D:3)
  7 adders
  An adder zombie (Ossuary)
  4 dart slugs
  20 orcs
  3 endoplasms
  3 giant cockroaches (D:1)
  6 goblins
  8 hobgoblins
  24 jackals
  4 kobolds
  3 quokkas
  5 ball pythons
  A bat (D:3)
  A frilled lizard (D:3)
  7 hobgoblin zombies (Ossuary)
  3 jackal zombies (Ossuary)
  11 kobold zombies (Ossuary)
  10 orc zombies (Ossuary)
  6 rats
  A rat zombie (Ossuary)
  2 butterflies (D:3)
178 creatures vanquished.

Vanquished Creatures (others)
  251 foxfires
  2 fulminant prisms (D:5)
  2 plants (D:3)
255 creatures vanquished.

Grand Total: 433 creatures vanquished

Table legend: (Time is in decaauts)
 A = Elapsed time spent in this place.
 B = Non-inter-level travel time spent in this place.
 C = Inter-level travel time spent in this place.
 D = Time resting spent in this place.
 E = Time spent auto-exploring this place.
 F = Levels seen in this place.
 G = Mean time per level.
                   A        B        C        D        E       F      G
               +--------+--------+--------+--------+--------+-----+--------+
         Total |   6114 |   5901 |    213 |   1321 |   3326 |   6 | 1019.0 |
       Dungeon |   5784 |   5571 |    213 |   1318 |   3198 |   5 | 1156.8 |
       Ossuary |    329 |    329 |      0 |      3 |    128 |   1 |  329.0 |
               +--------+--------+--------+--------+--------+-----+--------+

Top non-repeatable levels by time:
     D:1: 1958 daAuts
     D:3: 1279 daAuts
     D:4: 1138 daAuts
     D:2: 809 daAuts
     D:5: 599 daAuts
 Ossuary: 329 daAuts

Table legend:
 A = Non-vault XP
 B = Vault XP
 C = Vault XP percentage of total XP
 D = Non-vault monster count
 E = Vault monster count
 F = Vault count percentage of total count
                 A         B        C        D         E       F
            +---------+---------+-------+---------+---------+-------
      Total |    1085 |    1323 |  54.9 |      78 |      98 |  55.7
            +---------+---------+-------+---------+---------+-------
        D:1 |      26 |       0 |   0.0 |      14 |       0 |   0.0
        D:2 |      71 |       4 |   5.3 |      20 |       1 |   4.8
        D:3 |      66 |     686 |  91.2 |      23 |      53 |  69.7
        D:4 |     158 |     159 |  50.2 |       5 |       4 |  44.4
        D:5 |     764 |     272 |  26.3 |      16 |       2 |  11.1
    Ossuary |       0 |     202 | 100.0 |       0 |      38 | 100.0
            +---------+---------+-------+---------+---------+-------
